 Dungeon Crawl Stone Soup version 0.25-a0-424-g80bd347ae0 (webtiles) character file.

Game seed: 739450521535220588, levelgen mode: deterministic

1199 Hasart the Insei (level 8, -9/60 HPs)
             Began as a Vampire Transmuter on Jan 20, 2020.
             Was an Initiate of Dithmenos.
             Mangled by a wight
             ... wielding a cursed +4 dire flail
              (17 damage)
             ... on level 7 of the Dungeon.
             The game lasted 00:15:21 (5786 turns).

Hasart the Insei (Vampire Transmuter)               Turns: 5786, Time: 00:15:22

Health: -9/60      AC:  7    Str: 10    XL:     8   Next: 20%
Magic:  11/11      EV:  8    Int: 16    God:    Dithmenos [......]
Gold:   294        SH:  0    Dex: 15    Spells: 10/11 levels left

rFire    + . .     SeeInvis +     - Unarmed
rCold    + . .     Gourm    .   (no shield)
rNeg     . . .     Faith    .   e - +1 scale mail
rPois    +         Spirit   .   (no helmet)
rElec    .         Reflect  .   l - scarf {rC+ rF+}
rCorr    .         Harm     .   (no gloves)
MR       +....                  (no boots)
Stlth    +.........             (no amulet)
HPRegen  0.40/turn              p - ring of protection from magic
MPRegen  0.12/turn              m - ring of poison resistance

@: regenerating quickly, very heavily drained
A: no food, fangs 3, see invisible, unbreathing
a: Exsanguinate, Renounce Religion


You were on level 7 of the Dungeon.
You worshipped Dithmenos.
Dithmenos was noncommittal.
You were alive.

You visited 2 branches of the dungeon, and saw 8 of its levels.

You collected 294 gold pieces.

Inventory:

Missiles
 a - 78 arrows
 d - 8 curare-tipped darts
 n - a throwing net
 u - 8 boomerangs (quivered)
Armour
 e - a +1 scale mail (worn)
 l - a scarf of resistance (worn)
 y - a scarf of cloud immunity
Jewellery
 h - an uncursed ring of ice
 m - a ring of poison resistance (right hand)
 p - a ring of protection from magic (left hand)
Wands
 x - a wand of flame (22)
Scrolls
 b - a scroll of teleportation
 f - 6 scrolls of identify
 j - a scroll of fear {unknown}
 k - a scroll of immolation
 o - a scroll of blinking
 r - 2 scrolls of random uselessness {unknown}
 s - 2 scrolls of enchant armour
 t - a scroll of fog {unknown}
 v - a scroll of enchant weapon {unknown}
Potions
 c - a potion of heal wounds
 g - a potion of brilliance
 i - 3 potions of curing {unknown}
 q - a potion of flight {unknown}
 w - a potion of magic {unknown}
 z - a potion of resistance {unknown}


   Skills:
 + Level 3.7(0.0) Fighting
 + Level 2.4(0.0) Throwing
 + Level 4.9(0.6) Dodging
 + Level 6.0(1.6) Stealth
 * Level 7.3(2.7) Unarmed Combat
 - Level 2.0(0.0) Spellcasting
 - Level 2.1(0.0) Transmutations


You had 10 spell levels left.
You knew the following spells:

 Your Spells              Type           Power        Failure   Level  Hunger
a - Beastly Appendage     Tmut           #.....       88%         1    N/A

Your spell library contained the following spells:

 Spells                   Type           Power        Failure   Level  Hunger
 Summon Small Mammal      Summ           #...         88%         1    N/A
 Call Imp                 Summ           #.......     95%         2    N/A
 Sticks to Snakes         Tmut           #.......     95%         2    N/A
 Call Canine Familiar     Summ           #.......     99%         3    N/A
 Spider Form              Tmut/Pois      #.........   99%         3    N/A
 Summon Guardian Golem    Hex/Summ       #.......     99%         3    N/A
 Ice Form                 Ice/Tmut       #.......     100%        4    N/A
 Summon Ice Beast         Ice/Summ       #.......     100%        4    N/A
 Summon Lightning Spire   Summ/Air       #.......     100%        4    N/A
 Blade Hands              Tmut           #.........   100%        5    N/A

Dungeon Overview and Level Annotations

Branches:
Dungeon (7/15)             Temple (1/1) D:5

Altars:
Ashenzari
Cheibriados
Dithmenos
Fedhas
Gozag
Kikubaaqudgha
Makhleb
Nemelex Xobeh
Okawaru
Qazlal
Ru
Sif Muna
Trog
Uskayaw
Vehumet
Xom
Yredelemnul
Zin
The Shining One

Annotations:
D:6 Dowan, Duvessa


Innate Abilities, Weirdness & Mutations

You do not eat.
Your natural rate of healing is unusually fast.
You have razor-sharp teeth.
You have supernaturally acute eyesight. (SInv)
You can survive without breathing.


Message History

You hit the wight.
The wight is almost destroyed.
The wight hits you with a cursed +4 dire flail.
You feel drained.
You barely miss the wight.
The wight is almost destroyed.
The wight closely misses you.
You hit the wight.
The wight is almost destroyed.
The wight hits you with a cursed +4 dire flail!
You closely miss the wight.
The wight is almost destroyed.
The wight hits you with a cursed +4 dire flail!
* * * LOW HITPOINT WARNING * * *
You feel drained.
* * * LOW HITPOINT WARNING * * *
You hit the wight but do no damage. Your bite misses the wight.
The wight is almost destroyed.
The wight hits you with a cursed +4 dire flail!
You die...

#..# ##.# ###.#######.# #.#
#######.z..z...%..# #.#
........####.###### #.# #.....###
#..########## #.# ......#
##......zo..###.###### #.....##
##########.....#.....
#....z.##############............
######.......รท..@z..........<....
#######.....########.............
........###..#######.............
.######## ##......##...(.........
######................
####............. ##............
##.....#..... ############


You could see a wight.

Vanquished Creatures
  A hungry ghost (D:7)
  A water moccasin (D:6)
  A phantom (D:6)
  A centaur (D:5)
  3 scorpions
  3 wights (D:7)
  A howler monkey (D:7)
  2 hounds
  A jelly (D:6)
  2 iguanas
  An orc wizard (D:6)
  6 worker ants
  A hound skeleton (D:4)
  A howler monkey skeleton (D:6)
  8 adders
  A shadow imp (D:6)
  A worm (D:4)
  A dart slug (D:2)
  5 leopard geckos
  9 orcs
  7 bats
  3 giant cockroaches (D:2)
  5 hobgoblins
  17 jackals
  3 quokkas
  A ball python (D:2)
  3 frilled lizards (D:2)
  3 goblins
  8 kobolds
  A quokka skeleton (D:5)
  4 rats
105 creatures vanquished.

Notes
Turn   | Place    | Note
-------+----------+-------------------------------------------
     0 | D:1      | Hasart the Vampire Transmuter began the quest for the Orb.
     0 | D:1      | Reached XP level 1. HP: 14/14 MP: 3/3
   116 | D:1      | Reached skill level 1 in Fighting
   327 | D:1      | Reached skill level 1 in Stealth
   327 | D:1      | Reached XP level 2. HP: 21/21 MP: 5/5
   999 | D:2      | Reached XP level 3. HP: 24/26 MP: 6/6
  1006 | D:2      | Found a blossoming altar of Fedhas.
  1136 | D:2      | Reached skill level 4 in Unarmed Combat
  1448 | D:2      | Reached XP level 4. HP: 33/33 MP: 7/7
  2374 | D:3      | Found a blossoming altar of Fedhas.
  2699 | D:4      | Reached XP level 5. HP: 37/38 MP: 8/8
  3012 | D:4      | Reached skill level 5 in Unarmed Combat
  3466 | D:5      | Entered Level 5 of the Dungeon
  3529 | D:5      | Found a staircase to the Ecumenical Temple.
  3539 | D:5      | Reached XP level 6. HP: 40/46 MP: 9/9
  3552 | Temple   | Entered the Ecumenical Temple
  3602 | Temple   | Became a worshipper of Dithmenos the Shadowed
  3970 | D:5      | Reached skill level 1 in Throwing
  4095 | D:5      | Reached skill level 6 in Unarmed Combat
  4781 | D:6      | Found an iron altar of Okawaru.
  4786 | D:6      | Found a stormy altar of Qazlal.
  4786 | D:6      | Found a glowing golden altar of the Shining One.
  4787 | D:6      | Found a hide-covered altar of Uskayaw.
  4787 | D:6      | Found a radiant altar of Vehumet.
  4829 | D:6      | Reached XP level 7. HP: 49/51 MP: 10/10
  4944 | D:6      | Reached skill level 5 in Stealth
  5094 | D:6      | Noticed Duvessa
  5094 | D:6      | Noticed Dowan
  5334 | D:7      | Noticed a hungry ghost
  5381 | D:7      | Killed a hungry ghost
  5381 | D:7      | Reached skill level 7 in Unarmed Combat
  5381 | D:7      | Reached XP level 8. HP: 54/58 MP: 11/11
  5786 | D:7      | Mangled by a wight

Levels and vault maps discovered:
D:1:      tarquinn_simple_flora_water_b, layout_loops_corners
D:2:      layout_basic, serial_forest, infiniplex_forest_straight_1,
          infiniplex_forest_clump_medium, infiniplex_forest_clump_medium,
          infiniplex_forest_clump_cross, infiniplex_forest_clump_curved,
          infiniplex_forest_lined_room_2, chequers_serial_rivers_micro_b,
          fedhas_altar_fruit_tree
D:3:      layout_basic, overflow_temple_1_default
D:4:      layout_basic
D:5:      layout_layer_cave, minmay_temple_entry_drinking_statues, first_ration
D:6:      layout_loops_ring, grunt_temple_overflow_open, uniq_duvessa
D:7:      layout_rooms, lemuel_round_altar, uniq_crazy_yiuf_cottage,
          uniq_menkaure
Temple:   cyrus_circular_temple

Skill      XL: |  1  2  3  4  5  6  7  8 |
---------------+-------------------------+-----
Fighting       | 1 2 3 |  3.7
Stealth        | 1 2 3 4 5 6 |  6.0
Unarmed Combat | 4 5 6 7 |  7.3
Dodging        | 3 4 |  4.9
Throwing       | 1 2 |  2.4
Spellcasting   | |  2.0
Transmutations | |  2.1

Action                   |  1- 3 |  4- 6 |  7- 9 || total
-------------------------+-------+-------+-------++-------
Melee: Unarmed           |   174 |   250 |   220 ||   644
       Bite              |    10 |    28 |    17 ||    55
       Punch             |     1 |     4 |     1 ||     6
Throw: Boomerang         |       |       |     6 ||     6
  Use: Potion            |     2 |       |     1 ||     3
       Scroll            |       |     6 |       ||     6
 Stab: Sleeping          |       |       |     2 ||     2
Armor: Scale mail        |    76 |    89 |    65 ||   230
       Robe              |     8 |       |       ||     8
Dodge: Dodged            |    76 |   135 |    88 ||   299

Table legend:
 A = Non-vault XP
 B = Vault XP
 C = Vault XP percentage of total XP
 D = Non-vault monster count
 E = Vault monster count
 F = Vault count percentage of total count
                 A         B        C        D         E       F
            +---------+---------+-------+---------+---------+-------
      Total |    1713 |       0 |   0.0 |     105 |       0 |   0.0
            +---------+---------+-------+---------+---------+-------
        D:1 |      28 |       0 |   0.0 |      16 |       0 |   0.0
        D:2 |     116 |       0 |   0.0 |      34 |       0 |   0.0
        D:3 |      30 |       0 |   0.0 |       9 |       0 |   0.0
        D:4 |     156 |       0 |   0.0 |       5 |       0 |   0.0
        D:5 |     388 |       0 |   0.0 |      11 |       0 |   0.0
        D:6 |     462 |       0 |   0.0 |      15 |       0 |   0.0
        D:7 |     533 |       0 |   0.0 |      15 |       0 |   0.0
            +---------+---------+-------+---------+---------+-------
